 Dungeon Crawl Stone Soup version 0.14.1-2-gf595e19 (webtiles) character file.

34425 Dadi the Fencer (level 13, -4/118 HPs)
             Began as a Minotaur Fighter on May 14, 2014.
             Was a High Priest of Okawaru.
             Slain by a five-headed hydra (7 damage)
             ... on Level 6 of the Lair of Beasts.
             The game lasted 02:42:38 (27050 turns).

Dadi the Fencer (Minotaur Fighter)                 Turns: 27050, Time: 02:42:38

HP  -4/118       AC 23     Str 25      XL: 13   Next: 36%
MP   0/20        EV  7     Int  5      God: Okawaru [*****.]
Gold 1118        SH 28     Dex 11      Spells:  0 memorised, 12 levels left

rFire  . . .     SeeInvis .     A - +0,-1 long sword
rCold  . . .     Clarity  .     I - +0 plate armour {rPois}
rNeg   . . .     Conserve .     Q - +2 shield {reflect}
rPois  +         rCorr    .     (helmet restricted)
rElec  .         rRot     .     J - +0 cloak
SustAb . .       Spirit   +     (no gloves)
rMut   .         Warding  .     k - +1 pair of boots
Saprov . . .     Stasis   .     V - amulet of guardian spirit {Spirit}
MR     +....                    Z - ring of protection from magic {MR+, !d}
                                N - +4 ring of protection

@: non-regenerating, about to teleport, diseased, finesse, somewhat resistant to
hostile enchantments, extremely unstealthy
A: retaliatory headbutt, horns 2, regeneration 1
a: Heroism, Finesse, Renounce Religion


You were on level 6 of the Lair of Beasts.
You worshipped Okawaru.
Okawaru was extremely pleased with you.
You were not hungry.

You visited 2 branches of the dungeon, and saw 17 of its levels.
You also visited: Labyrinth.

You collected 1118 gold pieces.

Inventory:

Hand weapons
 A - a +0,-1 long sword (weapon)
   (You took it off a deep elf mage on level 6 of the Dungeon)
 B - a +0,+0 long sword
   (You found it on level 2 of the Dungeon)
Missiles
 b - 2 javelins (quivered)
 n - 38 darts
 M - 4 poisoned darts
Armour
 k - a +1 pair of boots (worn)
   (You found it on level 1 of the Lair of Beasts)
 s - the -2 shield of Inviolability {rF+}
   (Okawaru gifted it to you on level 2 of the Lair of Beasts)

   It protects you from fire.
 I - a +0 plate armour of poison resistance (worn)
   (You took it off an orc warrior on level 11 of the Dungeon)
 J - a +0 cloak (worn)
   (You took it off Crazy Yiuf on level 3 of the Dungeon)
 K - the +1 large shield of the Orb Guardian {MR+, unknown}
   (Okawaru gifted it to you on level 6 of the Lair of Beasts)

   It affects your resistance to hostile enchantments.
 Q - a +2 shield of reflection (worn)
   (Okawaru gifted it to you on level 11 of the Dungeon)
 S - a +3 chain mail of fire resistance
   (You took it off an orc on level 5 of the Dungeon)
Magical devices
 a - a wand of draining (0)
   (You found it on level 9 of the Dungeon)
 c - a wand of random effects (15)
   (You found it on level 2 of the Lair of Beasts)
 m - a wand of slowing (13)
   (You found it on level 2 of the Dungeon)
 p - a wand of magic darts (6)
   (You found it on level 2 of the Lair of Beasts)
 r - a wand of enslavement (5)
   (You found it on level 11 of the Dungeon)
 t - a wand of paralysis (12)
   (You found it on level 3 of the Lair of Beasts)
 C - a wand of cold (0)
   (You found it on level 4 of the Lair of Beasts)
 E - a wand of lightning (0)
   (You found it on level 8 of the Dungeon)
 H - a wand of fireball (0)
   (You took it off Natasha on level 3 of the Dungeon)
 O - a wand of teleportation (0)
   (You found it on level 10 of the Dungeon)
 P - a wand of draining (0)
   (You found it on level 5 of the Dungeon)
Comestibles
 d - 4 bread rations
 f - a pear
 l - 4 royal jellies {restore abilities}
 u - 2 meat rations
Scrolls
 i - 2 scrolls of fog
 j - 10 scrolls of remove curse
 o - 9 scrolls of identify
 v - a scroll of fear
 y - a scroll of enchant weapon II
 G - 3 scrolls of enchant weapon I
 W - 3 scrolls of blinking {!r}
Jewellery
 N - a +4 ring of protection (left hand)
   (You found it on level 9 of the Dungeon)
 U - an uncursed amulet of stasis {Stasis, !d}
   (You found it on level 3 of the Lair of Beasts)
 V - an amulet of guardian spirit (around neck) {Spirit}
   (You found it on level 5 of the Lair of Beasts)
 Z - a ring of protection from magic (right hand) {MR+, !d}
   (You found it in a labyrinth)
Potions
 e - 3 potions of might
 g - 8 potions of curing
 h - 2 potions of agility
 w - 2 potions of haste
 D - 3 potions of berserk rage
 F - a potion of restore abilities
 L - a potion of flight
 T - a potion of degeneration {!q}
Books
 z - a book of Wizardry
   (You found it on level 3 of the Lair of Beasts)
Magical staves
 R - an uncursed staff of energy {unknown}
   (You took it off an orc on level 5 of the Dungeon)
 Y - an uncursed staff of death {unknown}
   (You found it on level 5 of the Lair of Beasts)
Miscellaneous
 X - a sack of spiders {used: 1}
   (You found it on level 11 of the Dungeon)
Rods
 q - a +4 rod of destruction (12/12) {!a}
   (You took it off a minotaur in a labyrinth)


   Skills:
 + Level 12.0 Fighting
 - Level 16.1 Long Blades
 + Level 12.2 Armour
 - Level 12.1 Shields
 - Level 7.0 Invocations


You had 12 spell levels left.
You didn't know any spells.

Dungeon Overview and Level Annotations

Branches:
Dungeon (11/15)            Temple (0/1) D:7            Lair (6/8) D:9
 Shoals (0/5) Lair:4        Slime (0/6) Lair:6
    Orc: D:9-12       Swamp: Lair:3-6     Snake: Lair:3-6    Spider: Lair:3-6

Altars:
Ashenzari
Dithmenos
Elyvilon
Fedhas
Kikubaaqudgha
Nemelex Xobeh
Okawaru
Vehumet
Yredelemnul

Shops:
D:6 [   D:8 !   D:9 :

Portals:
Trove: D:10 (give +4,+6 demon blade)

Annotations:
D:3 exclusion: oklob plant


Innate Abilities, Weirdness & Mutations

You reflexively headbutt those who attack you in melee.
You have a pair of horns on your head.
Your natural rate of healing is unusually fast.


Message History

Found a staircase to the Slime Pits.
The jelly hits you but does no damage. x2
You slash the jelly! You headbutt the jelly.
You kill the jelly!
Okawaru accepts your kill.
An ooze comes into view.
The ooze quivers.
The jelly hits you but does no damage. You block the ooze's attack.
You slash the jelly! You headbutt the jelly! You hit the jelly.
The acid corrodes your +0,+0 long sword!
You headbutt the jelly. You block the jelly's attack.
You hit the jelly. You slice the jelly!!
You kill the jelly!
Okawaru accepts your kill. You block the ooze's attack.
You slash the ice beast!
You headbutt the ice beast, but do no damage.
You block the jelly's attack.
You hit the ice beast.
The ice beast hits you but does no damage.
You hit the ice beast. The ooze closely misses you.
You hit the ice beast. Your headbutt misses the ice beast.
You block the jelly's attack.
You hit the ice beast.
You kill the ice beast!
Okawaru accepts your kill.
Your Fighting skill increases to level 12!
A five-headed hydra comes into view.
The five-headed hydra roars!
The jelly hits you but does no damage. You block the ooze's attack.
The wall burns the five-headed hydra!
You completely miss the ooze. You headbutt the ooze.
The jelly hits you but does no damage.
You slash the ooze! You headbutt the ooze. You block the ooze's attack.
You hit the ooze.
You kill the ooze!
You hit the jelly but do no damage. The jelly hits you but does no damage.
You barely miss the jelly. You slash the jelly! You headbutt the jelly.
You kill the jelly!
Okawaru accepts your kill.
You slash the ooze!
You kill the ooze!
The wall burns you!
* * * LOW HITPOINT WARNING * * *
The wall burns the five-headed hydra!
You block the five-headed hydra's attack.
The five-headed hydra bites you but does no damage. x2
The five-headed hydra bites you.
* * * LOW HITPOINT WARNING * * *
The five-headed hydra barely misses you.
You take 3 damage, and have 33/117 hp.
You now have 11/20 mp.
The walls burn you!
* * * LOW HITPOINT WARNING * * *
The wall burns the five-headed hydra!
A green rat comes into view.
You take 4 damage, and have 29/117 hp.
Warning: You now have 10/20 mp.
The walls burn you!
* * * LOW HITPOINT WARNING * * *
The wall burns the five-headed hydra!
The five-headed hydra bites you but does no damage. x2
The five-headed hydra completely misses you.
You block the five-headed hydra's attack.
The five-headed hydra bites you but does no damage.
A green rat comes into view.
You take 4 damage, and have 25/117 hp.
Warning: You now have 9/20 mp.
A green rat comes into view.
The walls burn you!
* * * LOW HITPOINT WARNING * * *
The wall burns the five-headed hydra!
The walls burn the green rat!
The walls burn the five-headed hydra!
You block the five-headed hydra's attack.
The five-headed hydra bites you but does no damage. x4
You take 3 damage, and have 22/117 hp.
Warning: You now have 8/20 mp.
Okay, then.
Read which item? (? for menu, Esc to quit)
As you read the scroll of teleportation, it crumbles to dust.
You feel strangely unstable. The walls burn you!
* * * LOW HITPOINT WARNING * * *
The wall burns the green rat!
The walls burn the green rat!
The walls burn the five-headed hydra!
The five-headed hydra bites you but does no damage.
You block the five-headed hydra's attack. x2
The five-headed hydra bites you!
* * * LOW HITPOINT WARNING * * *
The five-headed hydra barely misses you. 2 green rats come into view.
You take 11 damage, and have 11/117 hp.
Danger: You now have 4/20 mp.
The wall burns you!
* * * LOW HITPOINT WARNING * * *
The wall burns the green rat!
The green rat moves out of view.
The walls burn the green rat!
The walls burn the five-headed hydra!
The five-headed hydra bites you!
* * * LOW HITPOINT WARNING * * *
You block the five-headed hydra's attack.
The five-headed hydra bites you!
You die...

,,, ,,,,, ##.f..#....,,,,,,,*,,**
,,,, ,,,..#...........,,,,,,,,,,,
,,,,,.................,,,,, ,,,,
........................ ,,,*,,,,
.................#.#....,,,*,,,,,
..).f)...............r..,,,,,,,,,
....f..........#.....#... ,,,, ,*
#..f##f........D.r>?r.r.. ,*,,,,,
#....#.........#@....#...,,,,,,*
#..<.#...................,,,,*,**
...f.............#......,,,,,,**
....%...................,,,,,,**
........................,,,,, ,*
.f#...f................,,,,,,,**
..##..ff.........#....,,,,,,,,,**
..#.##f........#.....,, ,,,,,,,,,
...#,###.?........,,,,,,,,,,, ,,,


You could see a five-headed hydra and 4 green rats.

Vanquished Creatures
  A minotaur (Lab)
  3 hydras
  A cyclops (D:9)
  A gargoyle (D:10)
  A black mamba (Lair:5)
  9 spiny frogs
  A queen ant (Lair:3)
  6 komodo dragons
  A troll (D:11)
  Prince Ribbit (D:9)
  5 blink frogs
  A griffon zombie (D:7)
  3 basilisks
  40 yaks
  The ghost of oplop the Magician, an average DECj (D:5)
  3 deep elf magi
  A spriggan (Lair:5)
  5 ugly things (D:11)
  Eustachio (D:8)
  A trapdoor spider (D:11)
  A wyvern (D:10)
  6 hippogriffs
  25 wolves
  3 vampire mosquitoes (D:10)
  8 soldier ants (Lair:3)
  The ghost of oplop the Magician, an average DEFE (D:4)
  3 phantoms
  10 porcupines
  3 ice beasts
  3 water moccasins
  A centaur (D:10)
  4 sky beasts
  2 giant goldfish
  A black bear (D:6)
  6 orc warriors
  3 ogres
  2 big kobolds
  7 crocodiles
  A lava worm (Lair:5)
  8 giant slugs
  Blork the orc (D:6)
  13 giant frogs
  2 hippogriff zombies
  2 yak zombies (D:11)
  7 scorpions
  4 wights (D:6)
  11 killer bees
  2 electric eels (D:11)
  2 crimson imps
  9 jellies
  A centaur zombie (D:8)
  8 orc priests
  10 hounds
  8 orc wizards
  2 gnoll shamans
  Crazy Yiuf (D:3)
  An elf zombie (D:11)
  A lava snake (Lair:5)
  4 big fish
  2 iron imps (D:8)
  5 orange rats (Lair:5)
  Natasha (thrice) (D:3)
  26 worker ants
  6 iguanas
  21 sheep
  Jessica (D:3)
  An ogre skeleton (D:4)
  A hound skeleton (D:10)
  A mummy (D:9)
  20 adders
  16 gnolls
  A worm zombie (D:8)
  2 white imps
  53 green rats
  4 shadow imps
  2 giant mites
  3 ufetubi (D:8)
  4 worms
  An adder zombie (D:9)
  An orc skeleton (D:6)
  A giant eyeball (D:9)
  11 oozes
  51 orcs
  A bat skeleton (D:5)
  10 goblins
  15 hobgoblins
  32 jackals
  27 kobolds
  17 bats
  5 giant cockroaches
  6 giant geckos
  A giant gecko skeleton (D:7)
  A giant mite zombie (D:6)
  A giant newt (D:3)
  9 quokkas
  A quokka skeleton (D:4)
  A quokka zombie (D:9)
  30 rats
  A rat skeleton (D:4)
  A ballistomycete (D:11)
  A bush (Lair:5)
  6 fungi
  4 plants
680 creatures vanquished.

Vanquished Creatures (collateral kills)
  An orc (D:10)
1 creature vanquished.

Vanquished Creatures (others)
  A spider (Lair:4)
  An orc wizard (D:11)
  A giant mite (Lair:4)
  A giant spore (D:11)
  A rat (D:8)
  A fungus (D:9)
  2 plants
  14 toadstools (D:3)
22 creatures vanquished.

Grand Total: 703 creatures vanquished

Notes
Turn   | Place    | Note
--------------------------------------------------------------
     0 | D:1      | Dadi, the Minotaur Fighter, began the quest for the Orb.
     0 | D:1      | Reached XP level 1. HP: 19/19 MP: 1/1
    39 | D:1      | Reached skill level 3 in Long Blades
    81 | D:1      | Reached XP level 2. HP: 24/26 MP: 1/1
   732 | D:1      | Reached skill level 4 in Long Blades
  1024 | D:2      | Reached XP level 3. HP: 28/31 MP: 2/2
  1132 | D:2      | Found an ancient bone altar of Kikubaaqudgha.
  1155 | D:2      | Reached skill level 5 in Long Blades
  1344 | D:2      | Found a shadowy altar of Dithmenos.
  1350 | D:2      | Reached XP level 4. HP: 39/39 MP: 2/2
  1491 | D:2      | Found a sparkling altar of Nemelex Xobeh.
  1609 | D:2      | Reached skill level 6 in Long Blades
  1948 | D:3      | Noticed Jessica
  1970 | D:3      | Killed Jessica
  1970 | D:3      | Reached XP level 5. HP: 43/45 MP: 2/2
  2330 | D:3      | Noticed Natasha
  2342 | D:3      | Killed Natasha
  2502 | D:3      | Noticed Natasha
  2509 | D:3      | Killed Natasha
  2509 | D:3      | Reached skill level 7 in Long Blades
  2788 | D:3      | Noticed Natasha
  2795 | D:3      | Killed Natasha
  2855 | D:3      | Noticed Crazy Yiuf
  3019 | D:3      | Killed Crazy Yiuf
  3110 | D:3      | Found a blossoming altar of Fedhas.
  3192 | D:3      | Reached XP level 6. HP: 39/51 MP: 3/3
  3219 | D:3      | Noticed an oklob plant
  3454 | D:4      | Reached skill level 8 in Long Blades
  3556 | D:4      | Noticed oplop's ghost (average DEFE)
  3563 | D:4      | Killed oplop's ghost
  3615 | D:4      | Found a radiant altar of Vehumet.
  3628 | D:3      | Reached skill level 9 in Long Blades
  3879 | D:4      | Reached XP level 7. HP: 57/57 MP: 3/3
  4113 | D:4      | Got a dazzling glaive
  4596 | D:5      | Entered Level 5 of the Dungeon
  4657 | D:5      | Noticed oplop's ghost (average DECj)
  4676 | D:5      | HP: 9/57 [oplop's ghost/spray of energy (16)]
  4681 | D:5      | Killed oplop's ghost
  4681 | D:5      | Reached skill level 10 in Long Blades
  5162 | D:5      | Reached skill level 4 in Armour
  5526 | D:6      | Reached skill level 4 in Fighting
  5598 | D:6      | Reached skill level 5 in Armour
  5598 | D:6      | Reached XP level 8. HP: 40/67 MP: 3/3
  5766 | D:6      | Reached skill level 5 in Fighting
  5939 | D:6      | Reached skill level 6 in Armour
  5971 | D:6      | Noticed Blork the orc
  5981 | D:6      | Killed Blork the orc
  5981 | D:6      | Reached skill level 6 in Fighting
  6079 | D:6      | Found an iron altar of Okawaru.
  6083 | D:6      | Found a basalt altar of Yredelemnul.
  6090 | D:6      | Became a worshipper of Warmaster Okawaru
  6110 | D:6      | Found Hofohew's Armour Boutique.
  6244 | D:6      | Found a shattered altar of Ashenzari.
  6552 | D:6      | Reached skill level 7 in Armour
  6608 | D:6      | Noticed a deep elf mage
  6615 | D:6      | Killed a deep elf mage
  6615 | D:6      | Reached skill level 7 in Fighting
  7163 | D:7      | HP: 6/73 [orc warrior/war axe (14)]
  7166 | D:7      | Acquired Okawaru's first power
  7166 | D:7      | Reached XP level 9. HP: 10/79 MP: 4/4
  7497 | D:7      | Reached skill level 8 in Armour
  7527 | D:7      | Found a staircase to the Ecumenical Temple.
  7864 | D:7      | Reached skill level 8 in Fighting
  8050 | D:7      | Reached skill level 9 in Armour
  8352 | D:7      | Reached skill level 9 in Fighting
  8869 | D:8      | HP: 20/83 [orc warrior/mace (14)]
  9500 | D:8      | Reached skill level 10 in Armour
  9690 | D:8      | Reached skill level 10 in Fighting
  9748 | D:8      | Noticed Eustachio
  9814 | D:8      | Killed Eustachio
  9942 | D:8      | Reached skill level 11 in Long Blades
 10081 | D:8      | Reached XP level 10. HP: 91/93 MP: 4/4
 10236 | D:8      | Found Ghaj's Distillery.
 10425 | D:8      | Found a white marble altar of Elyvilon.
 10647 | D:9      | Noticed Prince Ribbit
 10663 | D:9      | Killed Prince Ribbit
 10784 | D:9      | Paralysed by a giant eyeball for 2 turns
 10863 | D:9      | Found Bavyidum's Book Shoppe.
 10926 | D:9      | Reached skill level 12 in Long Blades
 11501 | D:9      | Reached skill level 13 in Long Blades
 11516 | D:9      | HP: 22/93 [yak (9)]
 11636 | D:9      | Found a staircase to the Lair.
 12047 | D:9      | Noticed a cyclops
 12063 | D:9      | Killed a cyclops
 12063 | D:9      | Reached skill level 14 in Long Blades
 12676 | D:10     | Entered Level 10 of the Dungeon
 12866 | D:10     | Reached XP level 11. HP: 83/99 MP: 4/4
 12887 | D:10     | Reached skill level 15 in Long Blades
 12897 | D:10     | HP: 20/99 [yak (7)]
 12903 | D:10     | HP: 9/99 [gargoyle/mace (8)]
 12916 | D:10     | HP: 10/99 [gargoyle/mace (2)]
 13350 | D:10     | Found a portal to a secret trove of treasure.
 13526 | D:10     | Acquired Okawaru's second power
 13584 | D:10     | Reached skill level 1 in Invocations
 13764 | D:8      | Reached skill level 2 in Invocations
 14694 | D:10     | Noticed a hill giant
 14724 | D:10     | Reached skill level 3 in Invocations
 14768 | D:11     | Found a labyrinth entrance.
 14779 | Lab      | Entered a labyrinth
 16462 | Lab      | Noticed a minotaur
 16474 | Lab      | Killed a minotaur
 16474 | Lab      | Reached skill level 4 in Invocations
 16481 | Lab      | Got an ichor-stained spear
 16685 | D:11     | Reached skill level 5 in Invocations
 17394 | D:11     | Noticed an eight-headed hydra
 17704 | D:11     | Killed a 11-headed hydra
 17704 | D:11     | Reached skill level 6 in Invocations
 17836 | D:11     | Reached skill level 7 in Invocations
 18151 | D:11     | Received a gift from Okawaru
 18160 | D:11     | Reached skill level 16 in Long Blades
 18438 | D:11     | Reached skill level 4 in Shields
 18496 | D:11     | Reached skill level 5 in Shields
 18944 | D:10     | Reached XP level 12. HP: 89/106 MP: 18/18
 18997 | Lair:1   | Entered Level 1 of the Lair of Beasts
 19159 | D:9      | Reached skill level 6 in Shields
 19176 | D:9      | HP: 20/106 [yak (12)]
 19181 | D:9      | HP: 14/106 [yak (5)]
 19521 | Lair:1   | Reached skill level 7 in Shields
 20309 | Lair:1   | Reached skill level 8 in Shields
 20744 | Lair:2   | Gained mutation: Your natural rate of healing is unusually fast. [potion of beneficial mutation]
 21367 | Lair:2   | Reached skill level 9 in Shields
 21451 | Lair:2   | Received a gift from Okawaru
 21487 | Lair:2   | Reached skill level 10 in Shields
 21499 | Lair:2   | Got a jewelled shield {god gift}
 21516 | Lair:2   | Identified the -2 shield of Inviolability {rF+} (Okawaru gifted it to you on level 2 of the Lair of Beasts)
 22070 | Lair:2   | Reached skill level 11 in Shields
 22709 | Lair:3   | Reached skill level 12 in Shields
 23452 | Lair:3   | Noticed a five-headed hydra
 23465 | Lair:3   | Killed a seven-headed hydra
 23807 | Lair:4   | Found a staircase to the Shoals.
 23950 | Lair:4   | Noticed an eight-headed hydra
 24406 | Lair:4   | HP: 20/108 [12-headed hydra (9)]
 24406 | Lair:4   | HP: 9/108 [12-headed hydra (5)]
 24407 | Lair:4   | Killed a 12-headed hydra
 24407 | Lair:4   | Reached XP level 13. HP: 9/115 MP: 20/20
 24732 | Lair:4   | Noticed an eight-headed hydra
 24749 | Lair:4   | HP: 18/115 [spiny frog (12)]
 24784 | Lair:4   | HP: 26/115 [spiny frog (9)]
 24789 | Lair:4   | Reached skill level 11 in Fighting
 24789 | Lair:4   | Reached skill level 11 in Armour
 24789 | Lair:4   | HP: 23/116 [poisoned by a spiny frog]
 24794 | Lair:4   | HP: 19/116 [poisoned by a spiny frog]
 24799 | Lair:4   | HP: 16/116 [poisoned by a spiny frog]
 24804 | Lair:4   | HP: 15/116 [poisoned by a spiny frog]
 24809 | Lair:4   | HP: 15/116 [poisoned by a spiny frog]
 24815 | Lair:4   | HP: 16/116 [poisoned by a spiny frog]
 24823 | Lair:4   | HP: 18/116 [poisoned by a spiny frog]
 26600 | Lair:5   | Reached skill level 12 in Armour
 26959 | Lair:6   | Received a gift from Okawaru
 26997 | Lair:6   | Got a faintly glowing large shield {god gift}
 27020 | Lair:6   | Found a staircase to the Slime Pits.
 27034 | Lair:6   | Reached skill level 12 in Fighting
 27046 | Lair:6   | HP: 29/118 [acid (4)]
 27049 | Lair:6   | HP: 11/118 [five-headed hydra (7)]
 27050 | Lair:6   | HP: 3/118 [five-headed hydra (6)]
 27050 | Lair:6   | Slain by a five-headed hydra

Action                   |  1- 3 |  4- 6 |  7- 9 | 10-12 | 13-15 || total
-------------------------+-------+-------+-------+-------+-------++-------
Melee: Long sword        |    88 |   203 |   440 |  1141 |   430 ||  2302
       Whip              |       |       |    99 |       |       ||    99
       Falchion          |       |       |    88 |   565 |       ||   653
       Cutlass           |       |       |       |     3 |       ||     3
Throw: Dart              |    12 |    16 |     2 |     7 |       ||    37
       Javelin           |       |       |       |     1 |       ||     1
Invok: Finesse           |       |       |       |     1 |     1 ||     2
Evoke: Wand              |       |       |     7 |    26 |     9 ||    42
       Sack of spiders   |       |       |       |       |     1 ||     1
  Use: Scroll            |       |       |    14 |    23 |     4 ||    41
       Potion            |       |       |     5 |     6 |       ||    11

Vault maps used:
D:1:      sevenhm_arrival_forest_fort_large_4
D:2:      grunt_dithmenos_smoke, kiku_gazebo_pond_becter,
          nemelex_spade_bored_becter
D:3:      tgw_fedhas, uniq_natasha, uniq_jessica, uniq_crazy_yiuf_cottage
D:4:      serial_park_square1, old_standard_altar
D:5:      first_bread
D:6:      grunt_temple_overflow_open, overflow_temple_1_default, serial_shops,
          nicolae_shop_crystal, hex_tiny, uniq_blork_the_orc
D:7:      minmay_temple_entry_statues
D:8:      lemuel_doored_altar, serial_shops, shop_fountains, eino_curves_02,
          hangedman_little_slice_of_home, uniq_eustachio
D:9:      minmay_lair_entry_grove, serial_shops, shop, minivault_27,
          uniq_prince_ribbit1
D:10:     enter_trove_3
D:11:     lab_entry_generic
Lair:1:   hibernation_bobbens
Lair:2:   st_stairs_7
Lair:3:   minmay_another_anthill, bh_autumn_forest_stairs
Lair:4:   elwin_shoals_entry_rocks
Lair:5:   grunt_forest_large_clearing_hut
Lair:6:   guppyfry_snake_entry_garden, nicolae_slime_entry_slimehenge,
          portal_ice_cave_entry_ice_beasts

Table legend:
 A = Turns spent in this place as a percentage of turns spent in the entire game.
 B = Non-inter-level travel turns spent in this place as a percentage of non-inter-level travel turns spent in the entire game.
 C = Inter-level travel turns spent in this place as a percentage of turns spent in this place.
 D = Turns resting spent in this place as a percentage of non-inter-level travel turns spent in this place.
 E = Turns spent auto-exploring this place as a percentage of non-inter-level travel turns spent in this place.
 F = Non-inter-level travel turns spent in this place divided by the number of levels of this place that you've seen.
                   A       B       C       D       E      F
               +-------+-------+-------+-------+-------+----------------------
         Total | 100.0 | 100.0 |   0.3 |   1.3 |   2.5 | 685.8
       Dungeon |  53.7 |  53.6 |   0.5 |   1.8 |   3.3 | 601.7
          Lair |  30.1 |  30.1 |   0.1 |   1.3 |   2.4 | 619.3
     Labyrinth |  16.2 |  16.3 |   0.0 |   0.0 |   0.0 | 2009.0
               +-------+-------+-------+-------+-------+----------------------

Table legend:
 A = Kills in this place as a percentage of kills in entire the game.
 B = Kills by you in this place as a percentage of kills by you in the entire game.
 C = Kills by friends in this place as a percentage of kills by friends in the entire game.
 D = Other kills in this place as a percentage of other kills in the entire game.
 E = Experience gained in this place as a percentage of experience gained in the entire game.
 F = Experience gained in this place divided by the number of levels of this place that you have seen.
                   A       B       C       D       E      F
               +-------+-------+-------+-------+-------+----------------------
         Total | 100.0 | 100.0 | 100.0 | 100.0 | 100.0 | 2643.4
       Dungeon |  61.8 |  61.7 | 100.0 | 100.0 |  47.2 | 2039.6
          Lair |  38.1 |  38.2 |   0.0 |   0.0 |  50.5 | 4008.0
     Labyrinth |   0.2 |   0.2 |   0.0 |   0.0 |   2.3 | 1098.0
               +-------+-------+-------+-------+-------+----------------------
